 Dungeon Crawl Stone Soup version 0.22-a0-362-g535178c (webtiles) character file.

1029 torrenera the Cleaver (level 8, 0/64 HPs)
             Began as a Hill Orc Abyssal Knight on Apr 20, 2018.
             Was a Priest of Lugonu.
             Slain by a worker ant zombie (5 damage)
             ... on level 5 of the Dungeon.
             The game lasted 00:13:22 (7660 turns).

torrenera the Cleaver (Hill Orc Abyssal Knight)     Turns: 7660, Time: 00:13:22

Health: 0/64       AC:  9    Str: 17    XL:     8   Next: 23%
Magic:  10/12      EV: 10    Int: 12    God:    Lugonu [***...]
Gold:   208        SH:  0    Dex: 10    Spells: 7/7 levels left

rFire    x . .     SeeInvis .   b - +1 whip "Touzoe Suni" {slash, +Blink rElec rF- rN+} (curse)
rCold    + . .     Gourm    .   (no shield)
rNeg     + . .     Faith    .   t - +1 ring mail {rPois}
rPois    +         Spirit   .   s - +0 helmet
rElec    +         Reflect  .   h - +1 cloak
rCorr    .         Harm     .   (no gloves)
MR       +....                  (no boots)
Stlth    ..........             j - amulet of rage
HPRegen  0.20/turn              k - ring of protection from cold
MPRegen  0.13/turn              q - ring of protection from magic

@: no status effects
A: no striking features
a: Depart the Abyss, Bend Space, Banish, Renounce Religion, Evoke Blink, Evoke
Berserk Rage


You were on level 5 of the Dungeon.
You worshipped Lugonu.
Lugonu was most pleased with you.
You were not hungry.

You visited 1 branch of the dungeon, and saw 5 of its levels.
You visited the Abyss 1 time.

You collected 208 gold pieces.

Inventory:

Hand Weapons
 a - a +1 hand axe
 b - the cursed +1 whip "Touzoe Suni" (weapon) {slash, +Blink rElec rF- rN+}
   (You found it on level 4 of the Dungeon)

   It inflicts extra damage upon your enemies.
   It makes you vulnerable to fire.
   It insulates you from electricity.
   It protects you from negative energy.
   It lets you blink.
   It has a curse placed upon it.
 m - a +1 flail of protection
Missiles
 f - 206 stones
 p - 20 poisoned needles
 u - 5 poisoned tomahawks (quivered)
Armour
 h - a +1 cloak (worn)
 s - a +0 helmet (worn)
 t - a +1 ring mail of poison resistance (worn)
Jewellery
 e - an uncursed ring of see invisible
 j - an amulet of rage (around neck)
 k - a ring of protection from cold (left hand)
 q - a ring of protection from magic (right hand)
Scrolls
 d - 3 scrolls of identify
 g - a scroll of fog {unknown}
 i - a scroll of enchant armour {unknown}
 r - a scroll of random uselessness {unknown}
Potions
 l - a potion of might
 n - 2 potions of heal wounds
 o - 2 potions of flight
 v - a potion of brilliance
 w - a potion of agility {unknown}
 x - 2 potions of mutation {unknown}
Comestibles
 c - 13 rations


   Skills:
 - Level 3.6 Fighting
 - Level 11.2 Axes
 - Level 2.1 Armour
 - Level 0.7 Dodging
 + Level 5.5 Invocations


You had 7 spell levels left.
You didn't know any spells.

Dungeon Overview and Level Annotations

Branches:
Dungeon (5/15)
 Temple: D:4-7

Altars:
Xom


Message History

The worker ant zombie is heavily damaged.
You barely miss the worker ant zombie.
The worker ant zombie is heavily damaged.
The worker ant zombie closely misses you.
You hit the worker ant zombie but do no damage.
The worker ant zombie is heavily damaged.
The worker ant zombie bites you but does no damage.
You barely miss the worker ant zombie.
The worker ant zombie is heavily damaged.
The worker ant zombie bites you but does no damage.
You barely miss the worker ant zombie.
The worker ant zombie is heavily damaged.
The worker ant zombie bites you.
* * * LOW HITPOINT WARNING * * *
You hit the worker ant zombie.
The worker ant zombie is heavily damaged.
You hit the worker ant zombie.
The worker ant zombie is severely damaged.
The worker ant zombie bites you.
You die...

#.... #.... .#
#....# ...
#.... ..##
###....####....
............#
...........##
.......@....###
.......Z.......
###............
#####.####...
#..# .# #.## #
##.# #####..#
##.....##


You could see a worker ant zombie.

Vanquished Creatures
  Grinder (D:5)
  The ghost of Tungsten the Chopper, an amateur HuBe of Trog (D:3)
  A hound (D:4)
  3 orc wizards
  Crazy Yiuf (D:3)
  An orc priest (D:3)
  An iguana (D:5)
  5 worker ants
  A hound skeleton (D:4)
  9 gnolls
  7 adders
  2 oozes
  2 worms (D:2)
  2 dart slugs
  A leopard gecko (D:3)
  19 orcs
  2 ball pythons
  7 giant cockroaches
  15 goblins
  10 hobgoblins
  5 jackals (D:4)
  A quokka (D:3)
  4 bats
  4 frilled lizards
  7 kobolds
  11 rats
123 creatures vanquished.

Notes
Turn   | Place    | Note
-------+----------+-------------------------------------------
     0 | Abyss:1  | torrenera the Hill Orc Abyssal Knight began the quest for the Orb.
     0 | Abyss:1  | Reached XP level 1. HP: 19/19 MP: 2/2
    47 | Abyss:1  | Noticed a tentacled starspawn
    48 | Abyss:1  | Noticed a small abomination
    50 | D:1      | Escaped the Abyss
   148 | D:1      | Reached skill level 3 in Axes
   375 | D:1      | Reached XP level 2. HP: 26/26 MP: 3/3
   511 | D:1      | Reached skill level 4 in Axes
   657 | D:1      | You fall through a shaft!
   668 | D:2      | Reached * piety under Lugonu
  1006 | D:2      | Reached XP level 3. HP: 8/31 MP: 4/4
  1009 | D:2      | HP: 2/46 [adder (3)]
  1011 | D:2      | Reached skill level 5 in Axes
  1435 | D:1      | HP: 1/31 [gnoll/club (3)]
  2021 | D:2      | Reached XP level 4. HP: 34/39 MP: 5/5
  2203 | D:1      | Reached skill level 6 in Axes
  2961 | D:2      | Reached XP level 5. HP: 2/45 MP: 6/6
  3370 | D:3      | Reached skill level 7 in Axes
  3408 | D:3      | Found a shimmering altar of Xom.
  4232 | D:3      | Reached ** piety under Lugonu
  4336 | D:2      | Reached skill level 8 in Axes
  4336 | D:2      | Reached XP level 6. HP: 22/51 MP: 7/7
  5130 | D:3      | Noticed Tungsten's ghost (amateur HuBe)
  5265 | D:3      | Killed Tungsten's ghost
  5265 | D:3      | Reached skill level 10 in Axes
  5265 | D:3      | Reached XP level 7. HP: 57/57 MP: 8/8
  6004 | D:3      | Found a runed door.
  6060 | D:3      | Noticed Crazy Yiuf
  6068 | D:3      | Killed Crazy Yiuf
  6649 | D:4      | Reached *** piety under Lugonu
  6871 | D:4      | Reached skill level 11 in Axes
  7166 | D:4      | Got an ancient whip
  7167 | D:4      | Identified the cursed +1 whip "Touzoe Suni" {slash, +Blink rElec rF- rN+} (You found it on level 4 of the Dungeon)
  7290 | D:5      | Entered Level 5 of the Dungeon
  7616 | D:5      | Noticed Grinder
  7648 | D:5      | Killed Grinder
  7648 | D:5      | Reached skill level 5 in Invocations
  7648 | D:5      | Reached XP level 8. HP: 9/64 MP: 9/12
  7660 | D:5      | Slain by a worker ant zombie

Vault maps used:
D:1:      dpeg_arrival_more_subterranean_lakeside_camping
D:2:      lemuel_flame_loot_1
D:3:      lemuel_crystal_altar, uniq_crazy_yiuf_cottage
D:4:      first_ration, st_stairs_11, grunt_decor_cap, palyth_stone_intersect,
          hangedman_abyss_or_decor_passed
D:5:      okawaru_trees_1, nemelex_xobeh_ov_fountains_minmay, uniq_grinder

Skill      XL: |  1  2  3  4  5  6  7 |
---------------+----------------------+-----
Axes           | 3 4 5 6 8 10 11 | 11.2
Invocations    | 5 |  5.5
Fighting       | |  3.6
Armour         | |  2.1
Dodging        | |  0.7

Action                   |  1- 3 |  4- 6 |  7- 9 || total
-------------------------+-------+-------+-------++-------
Melee: Hand axe          |   100 |   225 |   143 ||   468
       Whip              |       |       |    55 ||    55
Throw: Stone             |       |     6 |       ||     6
       Tomahawk          |       |       |     5 ||     5
Invok: Depart the Abyss  |     1 |       |       ||     1
 Abil: Evoke Berserk Rag |       |     1 |       ||     1
  Use: Potion            |     4 |       |       ||     4
       Scroll            |       |     6 |       ||     6
  Eat: Chunk             |     3 |    11 |     8 ||    22
Armor: Leather armour    |    22 |    31 |       ||    53
       Skin              |     2 |       |       ||     2
       Ring mail         |       |     6 |    61 ||    67
Dodge: Dodged            |    69 |   119 |    91 ||   279

Table legend:
 A = Spawn XP
 B = Non-spawn XP
 C = Spawn XP percentage of total XP
 D = Spawn monster count
 E = Non-spawn monster count
 F = Spawn count percentage of total count
 G = Total turns spent on level
                    A         B        C        D         E        F      G
               +---------+---------+-------+---------+---------+-------+---------
         Total |       0 |    1471 |   0.0 |       0 |     123 |   0.0 |  7660
               +---------+---------+-------+---------+---------+-------+---------
           D:1 |       0 |      43 |   0.0 |       0 |      24 |   0.0 |  1289
           D:2 |       0 |     311 |   0.0 |       0 |      37 |   0.0 |  3392
           D:3 |       0 |     562 |   0.0 |       0 |      41 |   0.0 |  1880
           D:4 |       0 |     228 |   0.0 |       0 |      19 |   0.0 |   679
           D:5 |       0 |     327 |   0.0 |       0 |       2 |   0.0 |   370
               +---------+---------+-------+---------+---------+-------+---------
